 Dungeon Crawl Stone Soup version 0.29-a0-885-gb26ba3297d (webtiles) character file.

Game seed: 3264735313010332964

47 jimonade the Sneak (level 3, 0/21 HPs)
             Began as a Kobold Brigand on July 20, 2022.
             Slain by a goblin
             ... wielding a +0 club
             ... led by Robin
              (3 damage)
             ... on level 2 of the Dungeon.
             The game lasted 00:01:38 (1178 turns).

jimonade the Sneak (Kobold Brigand)                 Turns: 1178, Time: 00:01:38

Health: 0/21       AC:  3    Str:  8    XL:     3   Next: 97%
Magic:  3/3        EV: 14    Int: 12    God:
Gold:   118        SH:  0    Dex: 18    Spells: 2/2 levels left

rFire   . . .      SeeInvis .   a - +2 dagger
rCold   . . .      Faith    .   (no shield)
rNeg    . . .      Spirit   .   b - +0 robe
rPois   .          Reflect  .   (no helmet)
rElec   .          Harm     .   c - +0 cloak
rCorr   .          Rampage  .   (no gloves)
Will    .....                   (no boots)
Stlth   +++++.....              (no amulet)
HPRegen 0.07/turn               (no ring)
MPRegen 0.08/turn               (no ring)

@: no status effects
A: small, no large weapons, nightstalker 3
a: no special abilities


You were on level 2 of the Dungeon.
You visited 1 branch of the dungeon, and saw 2 of its levels.

You collected 118 gold pieces.

Inventory:

Hand Weapons
 a - a +2 dagger (weapon)
 f - a +0 spear
Missiles
 d - 13 poisoned darts (quivered)
 e - 3 curare-tipped darts
Armour
 b - a +0 robe (worn)
 c - a +0 cloak (worn)
Magical Staves
 n - a staff of poison
Jewellery
 k - a ring of flight
 o - a ring of protection from cold
Scrolls
 g - a scroll of teleportation {unknown}
 j - a scroll of magic mapping {unknown}
 l - a scroll of blinking {unknown}
 m - a scroll of identify {unknown}
 p - a scroll of amnesia {unknown}
Potions
 h - 3 potions of heal wounds {unknown}
 i - a potion of haste {unknown}


   Skills:
 + Level 2.1 Fighting
 + Level 2.7 Short Blades
 - Level 2.1 Throwing
 + Level 1.2 Dodging
 * Level 7.3 Stealth


You had 2 spell levels left.
You didn't know any spells.
Your spell library contained the following spells:

 Spells                   Type           Power      Damage    Failure   Level
 Static Discharge         Conj/Air       0%         3-3/arc   45%         2
 Lightning Bolt           Conj/Air       0%         1d11      100%        5
 Maxwell's Capacitive Co  Air            0%         ∞         100%        8


Dungeon Overview and Level Annotations

Branches:
Dungeon (2/15)

Altars:

Annotations:
D:2 Robin


Innate Abilities, Weirdness & Mutations

You are small and have problems with some larger weapons.
You are completely attuned to the shadows.


Message History

The goblin is severely wounded.
The goblin hits you but does no damage.
You closely miss the goblin.
The goblin is severely wounded.
The goblin hits you but does no damage.
You hit the goblin.
You kill the goblin!
Robin flexes a bicep menacingly.
Robin roars a battlecry!
The goblins go into a battle-frenzy!
You hit the goblin.
The goblin is moderately wounded.
A ball python comes into view.
You closely miss the ball python. The goblin hits you with a +0 club.
The ball python closely misses you. The ball python completely misses you.
You hit the ball python.
The ball python is heavily wounded.
The goblin hits you with a +0 club. The ball python misses you.
The ball python barely misses you.
You completely miss the ball python.
The ball python is heavily wounded.
The goblin barely misses you. The ball python barely misses you.
The ball python closely misses you.
You hit the ball python.
You kill the ball python!
The goblin hits you with a +0 club. The goblin attacks as you move away!
The goblin hits you with a +0 club. The endoplasm closely misses you.
The goblin hits you with a +0 club.
* * * LOW HITPOINT WARNING * * *
The endoplasm attacks as you move away! The endoplasm closely misses you.
The goblin closely misses you.
The goblin no longer looks unusually strong.
The goblin no longer looks unusually strong.
The hobgoblin no longer looks unusually strong.
The goblin attacks as you move away! The goblin closely misses you.
The endoplasm barely misses you. The goblin attacks as you move away!
The goblin closely misses you.
The goblin no longer looks unusually strong.
The goblin attacks as you move away! The goblin hits you with a +0 club.
You die...

####.#.## .....#.#.
#.#.##......)..#.
#.#.#..........#.
.................
#.#)...........#. ####
#.#............#.
#............###.#.##.........#.
#............gg@....+.........#.
#...g.........g######........##
...).gg......gJ...# ##........#.
...g..g...........# #........#.
..gg.g#g#..g......# #........#.
...g.J#.#...†.....# ######'#.#.
..g...#g#.........# #.#...
......#.#......... #.###.
............... #.....


You could see an endoplasm, 3 hobgoblins and 2 goblins.

Vanquished Creatures
  An adder (D:2)
  A dart slug (D:1)
  5 endoplasms
  A giant cockroach (D:2)
  6 goblins
  3 kobolds
  A quokka (D:1)
  6 ball pythons
  3 bats
  4 frilled lizards
  2 rats (D:1)
33 creatures vanquished.

Notes
Turn   | Place    | Note
-------+----------+-------------------------------------------
     0 | D:1      | jimonade the Kobold Brigand began the quest for the Orb.
     0 | D:1      | Reached XP level 1. HP: 12/12 MP: 1/1
    63 | D:1      | Found a faded altar of an unknown god.
   110 | D:1      | Reached XP level 2. HP: 17/17 MP: 2/2
   200 | D:1      | Reached skill level 6 in Stealth
   557 | D:1      | Reached XP level 3. HP: 21/21 MP: 3/3
  1018 | D:2      | Reached skill level 7 in Stealth
  1153 | D:2      | Identified the +0 helmet "Wuar" {Slay+2}
  1153 | D:2      | Noticed Robin
  1178 | D:2      | Slain by a goblin

Illustrated notes

Levels and vault maps discovered:
D:1:      dpeg_arrival_central, layout_basic,
          shapermc_ecumenical_altar_mp_highgroup
D:2:      layout_basic, basic_altar, uniq_robin

Skill      XL: |  1  2  3 |
---------------+----------+-----
Stealth        | 6 7 |  7.3
Fighting       | |  2.1
Short Blades   | |  2.7
Throwing       | |  2.1
Dodging        | |  1.2

Action                   || total
-------------------------++-------
Melee: Dagger            ||    56
 Stab: Sleeping          ||    23
Armor: Robe              ||     6
Dodge: Dodged            ||    37

Table legend: (Time is in decaauts)
 A = Elapsed time spent in this place.
 B = Non-inter-level travel time spent in this place.
 C = Inter-level travel time spent in this place.
 D = Time resting spent in this place.
 E = Time spent auto-exploring this place.
 F = Levels seen in this place.
 G = Mean time per level.
                   A        B        C        D        E       F      G
               +--------+--------+--------+--------+--------+-----+--------+
         Total |   1169 |   1144 |     25 |      0 |    944 |   2 |  584.5 |
       Dungeon |   1169 |   1144 |     25 |      0 |    944 |   2 |  584.5 |
               +--------+--------+--------+--------+--------+-----+--------+

Top non-repeatable levels by time:
     D:1: 852 daAuts
     D:2: 317 daAuts
